 Dungeon Crawl Stone Soup version 0.30-b1-5-g8e6c1be481 (webtiles) character file.

Game seed: 2599019970682574812

26409 Cheops the Brawler (level 13, -5/107 HPs)
             Began as a Ghoul Monk on May 3, 2023.
             Was a High Priest of Wu Jian.
             Killed from afar by an oklob plant (33 damage)
             ... with a splash of acid
             ... on level 4 of the Lair of Beasts.
             The game lasted 00:49:32 (15515 turns).

Cheops the Brawler (Ghoul Monk)                    Turns: 15515, Time: 00:49:33

Health: -5/107     AC:  2    Str: 20    XL:     13   Next: 25%
Magic:  12/12      EV: 27    Int:  5    God:    Wu Jian [*****.]
Gold:   975        SH:  0    Dex: 11    Spells: 12/12 levels left

rFire   + .          .
                       - Unarmed
rCold   + . .        c - orb {light}
rNeg    + + +        B - +1 plate armour {rF+}
rPois   ∞            (no helmet)
rElec   .            (no cloak)
rCorr   .            (no gloves)
SInv    .            z - +2 pair of boots {Stlth+}
Will    +....        j - amulet of the acrobat Stlth
                     p - ring of willpower
HPRegen 0.00/turn    v - +5 ring of evasion
MPRegen 0.13/turn

%: acrobat
@: corroded, acrobatic, inhibited regen, glowing
A: claws 1, cold resistance 1, negative energy resistance 3, inhibited
regeneration, torment resistance 2, devour on kill
a: Renounce Religion, Wall Jump, Serpent's Lash, Heavenly Storm


You were on level 4 of the Lair of Beasts.
You worshipped Wu Jian.
Wu Jian was extremely pleased with you.
You visited 3 branches of the dungeon, and saw 14 of its levels.
You also visited: Bailey.

You collected 975 gold pieces.

Inventory:

Missiles
 K - a throwing net (quivered)
Armour
 c - an orb of light (worn)
 w - a +2 robe of resistance
 z - a +2 pair of boots of stealth (worn)
 A - the +2 scale mail "Qehem" {*Corrode Int+5}
   (You found it in a bailey)

   Int:       It affects your intelligence (+5).
   *Corrode:  It may corrode you when you take damage.
 B - a +1 plate armour of fire resistance (worn)
Magical Staves
 u - a staff of death
Jewellery
 j - an amulet of the acrobat (around neck)
 p - a ring of willpower (left claw)
 v - a +5 ring of evasion (right claw)
 y - a +6 ring of intelligence
 O - a ring of protection from fire
Wands
 a - a wand of polymorph (6)
 t - a wand of flame (6)
 L - a wand of charming (4)
 P - a wand of digging (8)
Scrolls
 d - a scroll of torment
 e - a scroll of butterflies
 m - 4 scrolls of immolation
 n - 4 scrolls of fog {unknown}
 o - 3 scrolls of enchant armour {unknown}
 q - a scroll of amnesia
 s - 6 scrolls of teleportation
 D - 2 scrolls of vulnerability
 E - 3 scrolls of fear {unknown}
 G - a scroll of magic mapping
 J - 2 scrolls of blinking
 Q - a scroll of poison
Potions
 b - 2 potions of ambrosia
 f - 7 potions of curing
 g - 3 potions of flight
 h - a potion of haste
 i - 6 potions of magic {unknown}
 k - 3 potions of invisibility
 l - a potion of might {unknown}
 r - 2 potions of cancellation {unknown}
 x - 2 potions of heal wounds
 C - 2 potions of attraction {unknown}
 F - a potion of resistance
 H - 2 potions of lignification {unknown}
 I - a potion of degeneration {unknown}
 M - 2 potions of brilliance {unknown}
 N - a potion of mutation {unknown}
 R - a potion of berserk rage {unknown}


   Skills:
 - Level 8.2 Fighting
 - Level 9.1 Armour
 + Level 3.6 Dodging
 * Level 19.6 Unarmed Combat
 - Level 2.0 Evocations


You had 12 spell levels left.
You didn't know any spells.
Your spell library contained the following spells:

 Spells                   Type           Power      Damage    Failure   Level
 Necrotise                Necr           0%         1d4       100%        1
 Sting                    Tmut/Pois      0%         1d3       100%        1
 Ensorcelled Hibernation  Hex/Ice        0%         N/A       100%        2
 Poisonous Vapours        Pois/Air       0%         N/A       100%        2
 Mephitic Cloud           Conj/Pois/Air  0%         N/A       100%        3
 Vampiric Draining        Necr           0%         2d6       100%        3
 Anguish                  Hex/Necr       0%         N/A       100%        4
 Animate Armour           Summ/Erth      0%         N/A       100%        4
 Olgreb's Toxic Radiance  Pois           0%         N/A       100%        4
 Agony                    Necr           0%         N/A       100%        5
 Irradiate                Conj/Tmut      0%         3d11      100%        5
 Iron Shot                Conj/Erth      0%         9d1       100%        6
 Spider Form              Tmut/Pois      Unusable   N/A       N/A         3
 Blade Hands              Tmut           Unusable   N/A       N/A         5
 Dragon Form              Tmut           Unusable   N/A       N/A         7
 Storm Form               Tmut/Air       Unusable   N/A       N/A         7

Dungeon Overview and Level Annotations

Branches:
Dungeon (9/15)             Temple (1/1) D:5            Lair (4/5) D:9
 Shoals (0/4) Lair:2        Snake (0/4) Lair:3        Slime (0/5) Lair:4
 Bailey (visited)
    Orc: D:9-12

Altars:
Ashenzari
Cheibriados
Dithmenos
Fedhas
Gozag
Hepliaklqana
Kikubaaqudgha
Makhleb
Nemelex Xobeh
Okawaru
Qazlal
Ru
Sif Muna
Trog
Uskayaw
Vehumet
Wu Jian
Xom
Yredelemnul
Jiyva

Shops:
D:5 (   D:8 *

Annotations:
D:6 dig
Lair:4 2 transporters, exclusion: oklob plant, feetsoup's ghost, journeyman FeFE


Innate Abilities, Weirdness & Mutations

You are immune to poison.
You have sharp fingernails.
Your flesh is cold resistant. (rC+)
You are immune to negative energy. (rN+++)
You do not regenerate when monsters are visible.
You are immune to unholy pain and torment.
You thrive by killing the living.


Message History

The killer bee buzzes angrily.
The killer bee buzzes angrily.
There is a stone staircase leading up, spattered with blood here.
Key pressed, stopping explore.
Key pressed, stopping explore.
Partly explored, unvisited transporter and can't reach some items and places.
Partly explored, unvisited transporter and can't reach some items and places.
Partly explored, unvisited transporter and can't reach some items and places.
Partly explored, unvisited transporter and can't reach some items and places.
Unknown command.
Really walk into a travel-excluded area?
You see here a scroll of identify.
You scratch the bush.
The bush is lightly damaged.
You eviscerate the bush!!!
The bush is moderately damaged.
The oklob plant spits acid at you. The splash of acid hits you!
The acid corrodes you!
You scratch the bush but do no damage.
The bush is moderately damaged.
You mangle the bush!!
The bush is heavily damaged.
The oklob plant spits acid at you. The splash of acid hits you!!
The acid corrodes you!
You scratch the bush but do no damage.
The bush is heavily damaged.
The oklob plant spits acid at you. The splash of acid hits you.
The acid corrodes you!
You scratch the bush.
The bush is heavily damaged.
The oklob plant spits acid at you. The splash of acid hits you!!
The acid corrodes you! The oklob plant spits acid at you.
The splash of acid hits you!
* * * LOW HITPOINT WARNING * * *
The oklob plant spits acid at you. The splash of acid misses you.
The oklob plant spits acid at you. The splash of acid hits you!!
You die...

.#######..##...........##..##
.......................##...#
#
#..#.##..####..........##..P##
## ##..######
###.....#..#.#.P.###. #P..#
#P.#.##..###......( #...######
#P..###.## ##.#####
##..##...## #..P# #..# ### #
#.#......# ###.## #..#
#...#.....###.?@#
#..##########
#....#.......P...##
#.#.##..##.##
##.#...........P.P#
#............
##.##....$........#
###...###.#.#
........PPP.......#
######.....
....../=PPP$......# ##.#.#
........PPP.!.....# #.....
....P............## ##.#.#
#...............## ####.


You could see an oklob plant.

Vanquished Creatures
  4 hydras
  A two-headed ogre (D:9)
  2 skysharks (Lair:4)
  A deep elf pyromancer (Bailey)
  An orc knight (Bailey)
  A manticore (Lair:3)
  7 black mambas
  3 elephants (Lair:4)
  6 cane toads
  Psyche (D:8)
  5 komodo dragons
  5 rime drakes
  A polar bear (Lair:1)
  9 blink frogs
  A snapping turtle (Lair:2)
  Sigmund (D:6)
  A shadow (D:9)
  19 yaks
  3 basilisks
  A fire bat (D:8)
  A wyvern (Lair:4)
  3 nagas (Lair:3)
  10 water moccasins
  Duvessa (D:5)
  3 black bears
  12 orc warriors
  A sky beast (D:7)
  2 ice beasts
  An ogre (D:4)
  2 wolves (Lair:3)
  2 centaurs
  A phantom (D:6)
  13 bullfrogs
  3 gnoll sergeants
  6 scorpions
  7 wights
  Dowan (D:5)
  14 killer bees
  2 electric eels (Lair:1)
  2 howler monkeys (D:7)
  3 jellies
  9 hounds
  2 orc priests
  2 sleepcaps (D:5)
  6 iguanas
  12 orc wizards
  5 hell rats (Lair:2)
  15 gnolls
  10 adders
  2 shadow imps
  2 white imps (D:7)
  3 worms
  2 dart slugs
  40 orcs
  5 ball pythons
  8 endoplasms
  3 giant cockroaches (D:4)
  7 goblins
  7 hobgoblins
  5 kobolds
  A quokka (D:2)
  7 bats
  3 frilled lizards
  7 rats
326 creatures vanquished.

Vanquished Creatures (others)
  12 fungi
  31 plants
43 creatures vanquished.

Grand Total: 369 creatures vanquished

Notes
Turn   | Place    | Note
-------+----------+-------------------------------------------
     0 | D:1      | Cheops the Ghoul Monk began the quest for the Orb.
     0 | D:1      | Reached XP level 1. HP: 19/19 MP: 0/0
    78 | D:1      | Got the Vademecum on the Evolved Coward
   200 | D:1      | Reached XP level 2. HP: 26/26 MP: 1/1
   493 | D:1      | Reached skill level 4 in Unarmed Combat
   569 | D:1      | Reached XP level 3. HP: 31/31 MP: 2/2
   865 | D:2      | Found a faded altar of an unknown god.
   876 | D:2      | Got Plato's Lessons on the Stinger
  1069 | D:2      | Reached skill level 5 in Unarmed Combat
  1109 | D:2      | Reached XP level 4. HP: 38/38 MP: 3/3
  2066 | D:4      | Noticed an ogre
  2072 | D:4      | Killed an ogre
  2073 | D:4      | Reached skill level 1 in Armour
  2073 | D:4      | Reached skill level 6 in Unarmed Combat
  2073 | D:4      | Reached XP level 5. HP: 45/45 MP: 4/4
  2226 | D:4      | Reached XP level 6. HP: 28/51 MP: 5/5
  2300 | D:4      | Noticed a black bear
  2310 | D:4      | Killed a black bear
  2397 | D:4      | Reached skill level 7 in Unarmed Combat
  2487 | D:4      | Noticed Edmund
  2572 | D:5      | Entered Level 5 of the Dungeon
  2613 | D:5      | Reached XP level 7. HP: 44/57 MP: 6/6
  2679 | D:5      | Noticed Duvessa
  2701 | D:5      | Killed Duvessa
  2704 | D:5      | Noticed Dowan
  2726 | D:5      | HP: 1/57 [Dowan/+2 dagger of pain (3)]
  2731 | D:5      | Killed Dowan
  2732 | D:5      | Reached skill level 8 in Unarmed Combat
  3080 | D:5      | Found a staircase to the Ecumenical Temple.
  3095 | Temple   | Entered the Ecumenical Temple
  3283 | Temple   | Became a worshipper of the Wu Jian Council
  3283 | Temple   | Reached * piety under Wu Jian
  3283 | Temple   | Reached ** piety under Wu Jian
  3316 | D:5      | Found a shimmering altar of Xom.
  3375 | D:5      | Reached XP level 8. HP: 63/63 MP: 7/7
  3449 | D:5      | Reached skill level 9 in Unarmed Combat
  3495 | D:5      | Reached skill level 10 in Unarmed Combat
  3611 | D:5      | Found Guskuu Cuoc's Antique Weapon Shoppe.
  3824 | D:6      | Reached skill level 5 in Armour
  4022 | D:6      | Reached XP level 9. HP: 70/70 MP: 8/8
  4098 | D:6      | Noticed Sigmund
  4113 | D:6      | Killed Sigmund
  4114 | D:6      | Reached skill level 11 in Unarmed Combat
  4114 | D:6      | Reached skill level 1 in Evocations
  5631 | D:6      | Reached skill level 12 in Unarmed Combat
  6425 | D:7      | Reached *** piety under Wu Jian
  6474 | D:7      | Found a flagged portal.
  6483 | Bailey   | Entered a bailey
  6782 | Bailey   | Noticed an orc knight
  6795 | Bailey   | Killed an orc knight
  6796 | Bailey   | Reached skill level 5 in Fighting
  6796 | Bailey   | Reached skill level 13 in Unarmed Combat
  6796 | Bailey   | Reached XP level 10. HP: 52/81 MP: 9/9
  7125 | Bailey   | Found a large runed translucent door.
  7125 | Bailey   | Found a large runed translucent door.
  7126 | Bailey   | Noticed a deep elf pyromancer
  7177 | Bailey   | Killed a deep elf pyromancer
  7214 | Bailey   | Identified the +2 scale mail "Qehem" {*Corrode Int+5}
  7323 | D:7      | Found a burning altar of Makhleb.
  7732 | D:7      | Found a hide-covered altar of Uskayaw.
  7735 | D:7      | Found a radiant altar of Vehumet.
  7957 | D:7      | Reached skill level 14 in Unarmed Combat
  8220 | D:8      | Found Dumuf's General Store.
  8459 | D:8      | Reached **** piety under Wu Jian
  8469 | D:8      | Noticed Psyche
  8490 | D:8      | Killed Psyche
  8659 | D:8      | Noticed Maggie
  8661 | D:8      | Maggie changed into Maggie the fire bat
  8661 | D:8      | Noticed Maggie
  8663 | D:8      | Killed Maggie the fire bat
  8789 | D:8      | Found a shimmering blue altar of Sif Muna.
  9281 | D:4      | Edmund changed into Edmund the adder
  9281 | D:4      | Noticed Edmund
  9283 | D:4      | Killed Edmund the adder
  9543 | D:9      | Noticed a two-headed ogre
  9545 | D:9      | Reached skill level 15 in Unarmed Combat
  9545 | D:9      | Reached XP level 11. HP: 82/92 MP: 10/10
  9557 | D:9      | Killed a two-headed ogre
  9976 | D:9      | Found a staircase to the Lair.
 10269 | Lair:1   | Entered Level 1 of the Lair of Beasts
 10546 | Lair:1   | Identified the +5 trident "Macusti" {freeze, Dex+5}
 10701 | Lair:1   | Reached skill level 16 in Unarmed Combat
 12045 | Lair:2   | Noticed a seven-headed hydra
 12054 | Lair:2   | Killed a seven-headed hydra
 12283 | Lair:2   | Found a staircase to the Shoals.
 12592 | Lair:3   | Found a staircase to the Snake Pit.
 12739 | Lair:3   | Reached skill level 17 in Unarmed Combat
 12752 | Lair:3   | Reached XP level 12. HP: 95/102 MP: 11/11
 12838 | Lair:3   | Noticed a six-headed hydra
 13212 | Lair:3   | Noticed a seven-headed hydra
 13223 | Lair:3   | Killed a seven-headed hydra
 13241 | Lair:3   | Killed a six-headed hydra
 13242 | Lair:3   | Reached ***** piety under Wu Jian
 13460 | Lair:3   | Noticed a six-headed hydra
 13482 | Lair:3   | Killed a six-headed hydra
 13723 | Lair:3   | Reached skill level 18 in Unarmed Combat
 14151 | Lair:4   | Noticed a skyshark
 14160 | Lair:4   | Killed a skyshark
 14283 | Lair:4   | Found a transporter.
 14299 | Lair:4   | Found a transporter.
 14319 | Lair:4   | Reached skill level 19 in Unarmed Combat
 14319 | Lair:4   | Reached XP level 13. HP: 85/107 MP: 12/12
 14395 | Lair:4   | Noticed feetsoup's ghost (journeyman FeFE)
 14929 | Lair:4   | Found a staircase to the Slime Pits.
 14929 | Lair:4   | Found a viscous altar of Jiyva.
 15515 | Lair:4   | Killed from afar by an oklob plant

Illustrated notes

Levels and vault maps discovered:
D:1:      wander_arrival_desolate, layout_loops_ring
D:2:      layout_basic, shapermc_ecumenical_altar_rom_forum
D:3:      layout_basic
D:4:      layout_rooms, uniq_edmund
D:5:      layout_basic, xom_teletrap_fun, minmay_temple_entry_statues_fountains,
          serial_shops, nicolae_shop_just_a_little_nook, uniq_duvessa
D:6:      cheibrodos_quashed, layout_gridville, serial_glass, glass_columns_a,
          glass_columns_a, grunt_tough_drop, uniq_sigmund
D:7:      layout_layer_cave, nicolae_overflow_hidden_temple, enter_bailey_2,
          kennysheep_generic_room_12
D:8:      layout_rooms, nicolae_sif_muna_little_library, serial_shops,
          nicolae_shop_stone, nicolae_elevator_lobby_plus, uniq_maggie,
          uniq_psyche
D:9:      layout_basic, david_lair_shrubbed
Temple:   nicolae_temple_slightly_damp_pantheon
Lair:1:   layout_gridlike, serial_bayou_shore_a, grunt_megastairs_1
Lair:2:   layout_hall_layers, minmay_shoals_entry_hut, special_room
Lair:3:   layout_hall_layers, minmay_snake_entry_guardpost_small,
          nzn_random_ring, lemuel_fruit_fields
Lair:4:   layout_loops_ring, slime_entry_1, gammafunk_ghost_hive,
          minmay_lair_oklob_bushes, st_stairs_13

Skill      XL: |  1  2  3  4  5  6  7  8  9 10 11 12 13 |
---------------+----------------------------------------+-----
Dodging        | 3 |  3.6
Unarmed Combat | 4 5 6 7 8 10 13 15 17 19 | 19.6
Armour         | 1 2 3 5 6 8 9 |  9.1
Evocations     | 2 |  2.0
Fighting       | 5 7 8 |  8.2

Action                     |  1- 3 |  4- 6 |  7- 9 | 10-12 | 13-15 || total
---------------------------+-------+-------+-------+-------+-------++-------
  Melee: Unarmed           |    84 |    99 |   252 |   557 |    77 ||  1069
 Invoke: Serpent's Lash    |       |       |     1 |     1 |       ||     2
Ability: Whirlwind         |       |       |    61 |    43 |     4 ||   108
         Lunge             |       |       |    15 |    40 |     5 ||    60
         Wall Jump         |       |       |     9 |    21 |     4 ||    34
  Evoke: Wand              |       |     4 |     5 |     6 |       ||    15
    Use: Scroll            |       |     5 |     5 |     8 |       ||    18
         Potion            |       |       |     5 |       |       ||     5
   Stab: Distracted        |       |       |     1 |       |       ||     1
 Armour: Robe              |    11 |     1 |       |       |       ||    12
         Scale mail        |       |    18 |    30 |    11 |       ||    59
         Plate armour      |       |       |       |   214 |    28 ||   242
  Dodge: Dodged            |    53 |    58 |   151 |   272 |    31 ||   565
